 Dungeon Crawl Stone Soup version 0.29-a0-330-g52719c12eb (webtiles) character file.

Game seed: 17349334837685383305

151 Aelig the Chopper (level 5, -2/41 HPs)
             Began as a Mummy Fighter on May 16, 2022.
             Slain by Grinder (4 damage)
             ... while paralysed by Grinder
             ... on level 3 of the Dungeon.
             The game lasted 00:03:43 (2034 turns).

Aelig the Chopper (Mummy Fighter)                   Turns: 2034, Time: 00:03:44

Health: -2/41      AC: 10    Str: 21    XL:     5   Next: 10%
Magic:  5/5        EV:  2    Int:  7    God:
Gold:   43         SH:  0    Dex: 12    Spells: 4/4 levels left

rFire   x . .      SeeInvis +   a - +0 war axe
rCold   + + .      Faith    .   c - +0 buckler
rNeg    + + +      Spirit   .   m - +1 scale mail {rC+}
rPois   ∞          Reflect  .   (no helmet)
rElec   .          Harm     .   (no cloak)
rCorr   .          Rampage  .   e - +1 pair of gloves
Will    .....                   l - +0 pair of boots
Stlth   ..........              (no amulet)
HPRegen 0.13/turn               n - ring of see invisible
MPRegen 0.09/turn               (no ring)

@: paralysed
A: cold resistance 1, negative energy resistance 3, torment resistance 2, heat
vulnerability 1, in touch with death 1, no potions
a: no special abilities


You were on level 3 of the Dungeon.
You visited 1 branch of the dungeon, and saw 3 of its levels.

You collected 43 gold pieces.

Inventory:

Hand Weapons
 a - a +0 war axe (weapon)
Missiles
 i - 50 stones (quivered)
Armour
 c - a +0 buckler (worn)
 e - a +1 pair of gloves (worn)
 l - a +0 pair of boots (worn)
 m - a +1 scale mail of cold resistance (worn)
Jewellery
 n - a ring of see invisible (left hand)
Scrolls
 b - a scroll of immolation {unknown}
 d - a scroll of noise {unknown}
 f - a scroll of brand weapon {unknown}
 g - 3 scrolls of identify {unknown}
 h - a scroll of fog {unknown}
 j - a scroll of blinking {unknown}
 k - 3 scrolls of amnesia {unknown}
 o - a scroll of teleportation {unknown}


   Skills:
 - Level 3.0 Fighting
 + Level 4.4 Axes
 - Level 2.4 Armour
 - Level 2.4 Shields


You had 4 spell levels left.
You didn't know any spells.
Your spell library contained the following spells:

 Spells                   Type           Power      Damage    Failure   Level
 Inner Flame              Hex/Fire       0%         N/A       99%         3
 Cause Fear               Hex            0%         N/A       100%        4
 Discord                  Hex            0%         N/A       100%        8


Dungeon Overview and Level Annotations

Branches:
Dungeon (3/15)

Altars:

Annotations:
D:3 Grinder


Innate Abilities, Weirdness & Mutations

You are immune to poison.
Your flesh is cold resistant. (rC+)
You are immune to negative energy. (rN+++)
You are immune to unholy pain and torment.
You are vulnerable to heat. (rF-)
You are in touch with the powers of death.
You do not drink.


Message History

Grinder blinks!
The orc closely misses you. You block the orc's attack.
You closely miss the orc. x2; You block the orc's attack.
The orc misses you.
You barely miss the orc. You hit the orc but do no damage.
The orc closely misses you. The orc barely misses you.
You slash the orc!
You kill the orc!
You slash the orc!
You kill the orc!
Grinder gestures at you. You resist with some effort. Grinder gestures at you.
You suddenly lose the ability to move!
Grinder says, "Tell me all your secrets, or I'll kill you."
Grinder hits you. Grinder hits you. x2
* * * LOW HITPOINT WARNING * * *
Grinder hits you.
* * * LOW HITPOINT WARNING * * *
Grinder hits you!
* * * LOW HITPOINT WARNING * * *
You can move again.
Unknown command.
Okay, then.
You barely miss Grinder.
Grinder is heavily wounded.
You block Grinder's attack.
You closely miss Grinder.
Grinder is heavily wounded.
Grinder hits you.
* * * LOW HITPOINT WARNING * * *
You barely miss Grinder.
Grinder is heavily wounded.
You block Grinder's attack.
You barely miss Grinder.
Grinder is heavily wounded.
Grinder gestures at you.
You suddenly lose the ability to move!
Grinder barely misses you. Grinder hits you but does no damage.
Grinder hits you.
You die...

#.# #.#.##.######.#
#.###.#.##.######.#
#.....#.##........#
#######.###########
#)# #.# #.#######
#........ #@#######
#5).# ......#
..##...## #. ##.##
# #.# #.# #+#


You could see Grinder (resistant).

Vanquished Creatures
  2 orc priests (D:3)
  A gnoll (D:1)
  4 adders
  A dart slug (D:2)
  3 orcs (D:3)
  A bat (D:1)
  4 endoplasms
  6 goblins
  2 hobgoblins
  4 kobolds
  5 quokkas
  2 ball pythons (D:1)
  4 frilled lizards
  5 rats
44 creatures vanquished.

Vanquished Creatures (others)
  A plant (D:1)
1 creature vanquished.

Grand Total: 45 creatures vanquished

Notes
Turn   | Place    | Note
-------+----------+-------------------------------------------
     0 | D:1      | Aelig the Mummy Fighter began the quest for the Orb.
     0 | D:1      | Reached XP level 1. HP: 18/18 MP: 1/1
    57 | D:1      | Reached skill level 2 in Axes
   352 | D:1      | Reached XP level 2. HP: 24/24 MP: 2/2
   653 | D:1      | Gained mutation: You are in touch with the powers of death.
                  | [Mummy growth]
   653 | D:1      | Reached XP level 3. HP: 26/29 MP: 3/3
   757 | D:1      | Reached skill level 3 in Axes
  1754 | D:3      | Reached XP level 4. HP: 33/35 MP: 4/4
  1813 | D:3      | Identified the +6 dagger of Tenacity {flame, rC+}
  2005 | D:3      | Reached skill level 4 in Axes
  2011 | D:3      | Noticed Grinder
  2019 | D:3      | Reached XP level 5. HP: 22/41 MP: 5/5
  2022 | D:3      | Paralysed by Grinder for 7 turns
  2030 | D:3      | HP: 2/41 [Grinder (3)]
  2032 | D:3      | Paralysed by Grinder for 7 turns
  2034 | D:3      | Slain by Grinder

Illustrated notes

Levels and vault maps discovered:
D:1:      sevenhm_arrival_forest_fort_small_4, layout_rooms,
          nicolae_grassy_gnolls
D:2:      layout_basic, amethyst_killhole, kennysheep_decorative_pillar,
          nicolae_figureground_sparkle
D:3:      layout_loops_corners, shapermc_ecumenical_altar_totnotflames,
          uniq_grinder

Skill      XL: |  1  2  3  4 |
---------------+-------------+-----
Axes           | 2 3 4 |  4.4
Fighting       | |  3.0
Armour         | |  2.4
Shields        | |  2.4

Action                   |  1- 3 |  4- 6 || total
-------------------------+-------+-------++-------
Melee: War axe           |    92 |    32 ||   124
Armor: Scale mail        |    46 |    13 ||    59
Dodge: Dodged            |    36 |    19 ||    55
Block: Buckler           |    12 |     7 ||    19

Table legend: (Time is in decaauts)
 A = Elapsed time spent in this place.
 B = Non-inter-level travel time spent in this place.
 C = Inter-level travel time spent in this place.
 D = Time resting spent in this place.
 E = Time spent auto-exploring this place.
 F = Levels seen in this place.
 G = Mean time per level.
                   A        B        C        D        E       F      G
               +--------+--------+--------+--------+--------+-----+--------+
         Total |   2087 |   2076 |     11 |    245 |   1331 |   3 |  695.7 |
       Dungeon |   2087 |   2076 |     11 |    245 |   1331 |   3 |  695.7 |
               +--------+--------+--------+--------+--------+-----+--------+

Top non-repeatable levels by time:
     D:2: 935 daAuts
     D:1: 813 daAuts
     D:3: 338 daAuts
